 Dungeon Crawl Stone Soup version 0.29.0-11-gd7f09526c8 (webtiles) character file.

Game seed: 16404425931166551982

2523 enile the Fighter (level 10, -7/90 HPs)
             Began as a Meteoran Wanderer on Sept 4, 2022.
             Was a Priest of Wu Jian.
             Mangled by a troll (9 damage)
             ... on level 8 of the Dungeon.
             The game lasted 00:19:00 (4245 turns).

enile the Fighter (Meteoran Wanderer)               Turns: 4245, Time: 00:19:01

Health: -7/90      AC:  9    Str: 16    XL:     10   Next: 9%
Magic:  13/13      EV: 11    Int: 18    God:    Wu Jian [***...]
Gold:   355        SH:  0    Dex: 12    Spells: 10/11 levels left

rFire   . . .      SeeInvis +   h - +0 flail
rCold   . . .      Faith    .   (no shield)
rNeg    . . .      Spirit   .   d - +2 scale mail
rPois   .          Reflect  .   (no helmet)
rElec   .          Harm     .   (no cloak)
rCorr   .          Rampage  .   (no gloves)
Will    ++...                   (no boots)
Stlth   ..........              t - amulet of regeneration
HPRegen 1.05/turn               s - ring of willpower
MPRegen 0.13/turn               v - ring of see invisible

@: glowing
A: sense surroundings 2, otherworldly, glowing, explore regen
a: Renounce Religion, Wall Jump, Serpent's Lash


You were on level 8 of the Dungeon.
You worshipped Wu Jian.
Wu Jian was most pleased with you.
You visited 1 branch of the dungeon, and saw 8 of its levels.

You collected 355 gold pieces.

Inventory:

Hand Weapons
 a - a +0 club
 e - a +0 dagger
 h - a +0 flail (weapon)
 q - a +2 whip of venom
Missiles
 k - 39 poisoned darts (quivered)
Armour
 d - a +2 scale mail (worn)
 f - a +1 leather armour of fire resistance
 l - a +0 plate armour
Jewellery
 b - a ring of magical power
 s - a ring of willpower (left hand)
 t - an amulet of regeneration (around neck)
 v - a ring of see invisible (right hand)
 x - a ring of protection from fire
Scrolls
 g - 4 scrolls of torment
 m - 3 scrolls of blinking
 n - 2 scrolls of teleportation
 o - 2 scrolls of amnesia
 r - a scroll of enchant armour
 u - 4 scrolls of identify
 y - a scroll of fog
 A - a scroll of vulnerability
Potions
 c - 3 potions of attraction
 i - 3 potions of invisibility
 p - a potion of haste
 w - a potion of cancellation
 z - a potion of curing


   Skills:
 + Level 8.5 Fighting
 - Level 7.0 Maces & Flails
 - Level 5.0 Throwing
 - Level 6.0 Armour
 - Level 5.0 Dodging
 - Level 1.3 Spellcasting
 - Level 3.6 Conjurations
 - Level 5.0 Evocations


You had 10 spell levels left.
You knew the following spells:

 Your Spells              Type           Power      Damage    Failure   Level
a - Foxfire               Conj/Fire      28%        2x1d5     30%         1

Your spell library contained the following spells:

 Spells                   Type           Power      Damage    Failure   Level
 Mephitic Cloud           Conj/Pois/Air  5%         N/A       75%         3


Dungeon Overview and Level Annotations

Branches:
Dungeon (8/15) Zot: 437    Temple (0/1) D:4            Lair (0/5) D:8

Altars:
Uskayaw
Wu Jian
Yredelemnul
The Shining One

Annotations:
D:7 exclusion: 4 orange crystal statues


Innate Abilities, Weirdness & Mutations

You passively map the area around you.
You are easily found by Zot.
You glow in the dark.
You regain HP and MP as you explore.


Message History

The troll bites you but does no damage. The troll claws you.
The troll barely misses you.
You sock the troll!
The troll is heavily wounded.
The troll bites you! The troll claws you but does no damage.
The troll claws you.
You hit the troll.
The troll is severely wounded.
The troll misses you. The troll claws you. x2
You sock the troll!
The troll is almost dead.
The troll bites you! The troll claws you but does no damage.
The troll claws you.
You barely miss the troll.
The troll is almost dead.
The troll bites you! The troll claws you!
* * * LOW HITPOINT WARNING * * *
The troll claws you.
* * * LOW HITPOINT WARNING * * *
You aren't carrying any items that you can evoke.
Unknown command.
You feel much better. The troll bites you. The troll barely misses you.
The troll claws you but does no damage.
You hit the troll. Your punch misses the troll.
The troll is almost dead.
The troll misses you. The troll completely misses you.
The troll claws you but does no damage.
You hit the troll.
The troll is almost dead.
The troll bites you but does no damage. The troll claws you!
* * * LOW HITPOINT WARNING * * *
The troll closely misses you.
You closely miss the troll.
The troll is almost dead.
The troll bites you!
* * * LOW HITPOINT WARNING * * *
The troll claws you!
* * * LOW HITPOINT WARNING * * *
The troll claws you!
You die...

, * , ,, , , * *
,,, , , , , ** ,
, ,, * , ** , , ,
,, * * * , ** ,
** , ,
*########### ***
, ,
,.>....[...######
*,
*#######..@T....#
,, #...#......
#...# ..... *,
#...#* .... *,
#...#* ..., , *
#...#### ## ** *
#......# * *, *
##......# * ,, *
#..##.### ,,


You could see a troll.

Vanquished Creatures
  Sigmund (D:5)
  Eustachio (D:5)
  Duvessa (D:5)
  2 water moccasins
  An orc warrior (D:7)
  3 black bears
  3 ice beasts (D:6)
  2 ogres (D:5)
  4 kobold brigands
  A bullfrog (D:7)
  A scorpion (D:7)
  Dowan (D:5)
  3 hounds
  4 jellies
  An orc priest (D:7)
  Jessica (D:2)
  3 orc wizards (D:7)
  11 adders
  4 gnolls (D:4)
  A white imp (D:5)
  2 ufetubi
  A worm (D:2)
  17 orcs
  6 ball pythons
  2 bats (D:2)
  5 endoplasms
  4 giant cockroaches
  7 goblins
  9 hobgoblins
  2 jackals (D:2)
  8 quokkas
  3 frilled lizards
  15 kobolds
  5 rats
135 creatures vanquished.

Vanquished Creatures (collateral kills)
  An orc priest (D:7)
1 creature vanquished.

Vanquished Creatures (others)
  A bullfrog (D:7)
  An orc priest (D:7)
  An orc (D:7)
  7 foxfires
10 creatures vanquished.

Grand Total: 146 creatures vanquished

Notes
Turn   | Place    | Note
-------+----------+-------------------------------------------
     0 | D:1      | enile the Meteoran Wanderer began the quest for the Orb.
     0 | D:1      | enile set off with the following items: a +0 club, a potion
                  | of lignification, a potion of attraction, a +2 scale mail;
                  | and the following spell memorised: Foxfire; and the
                  | following spells available to memorise: Mephitic Cloud.
     0 | D:1      | Reached XP level 1. HP: 16/16 MP: 3/3
   168 | D:1      | Reached XP level 2. HP: 23/24 MP: 5/5
   199 | D:1      | Reached skill level 2 in Fighting
   393 | D:1      | Reached XP level 3. HP: 28/30 MP: 6/6
   448 | D:1      | Reached skill level 3 in Fighting
   485 | D:1      | Glimpsed the power of Zot.
   526 | D:2      | Noticed Jessica
   545 | D:2      | Reached skill level 1 in Maces & Flails
   567 | D:2      | Killed Jessica
   568 | D:2      | Reached XP level 4. HP: 29/38 MP: 7/7
   819 | D:2      | Reached XP level 5. HP: 35/45 MP: 8/8
  1554 | D:3      | Found a faded altar of an unknown god.
  1557 | D:3      | Found a hide-covered altar of Uskayaw.
  1562 | D:3      | Prayed at the altar of an unknown god.
  1562 | D:3      | Became a worshipper of the Wu Jian Council
  1562 | D:3      | Reached * piety under Wu Jian
  1630 | D:3      | Glimpsed the power of Zot.
  1743 | D:4      | Reached skill level 4 in Fighting
  1773 | D:4      | Reached XP level 6. HP: 26/53 MP: 9/9
  1914 | D:4      | Reached skill level 5 in Fighting
  2085 | D:4      | Found a staircase to the Ecumenical Temple.
  2211 | D:4      | Glimpsed the power of Zot.
  2252 | D:5      | Entered Level 5 of the Dungeon
  2293 | D:5      | Noticed Eustachio
  2323 | D:5      | Reached XP level 7. HP: 61/61 MP: 10/10
  2396 | D:5      | Killed Eustachio
  2397 | D:5      | Reached skill level 5 in Armour
  2433 | D:5      | Noticed Dowan
  2473 | D:5      | Killed Dowan
  2495 | D:5      | Noticed Duvessa
  2499 | D:5      | Found a basalt altar of Yredelemnul.
  2555 | D:5      | Noticed Sigmund
  2569 | D:5      | Reached ** piety under Wu Jian
  2570 | D:5      | Reached skill level 5 in Maces & Flails
  2576 | D:5      | Reached XP level 8. HP: 58/68 MP: 11/11
  2584 | D:5      | Killed Sigmund
  2585 | D:5      | Reached skill level 5 in Dodging
  2627 | D:5      | Reached skill level 6 in Fighting
  2668 | D:5      | Killed Duvessa
  2746 | D:5      | Reached skill level 7 in Fighting
  2768 | D:5      | Gained mutation: You passively map the area around you.
                  | [Meteoran growth]
  2768 | D:5      | Reached XP level 9. HP: 50/79 MP: 12/12
  2785 | D:5      | Glimpsed the power of Zot.
  2813 | D:5      | Reached skill level 5 in Throwing
  2835 | D:5      | Glimpsed the power of Zot.
  2875 | D:5      | Glimpsed the power of Zot.
  3142 | D:7      | Found the +10 tower shield of Ignorance {rN+ Int-4}
  3149 | D:7      | Found a runed translucent door.
  3150 | D:7      | Noticed an orange crystal statue
  3218 | D:7      | Found a runed translucent door.
  3230 | D:7      | Noticed an orange crystal statue
  3230 | D:7      | Noticed an orange crystal statue
  3230 | D:7      | Noticed an orange crystal statue
  3241 | D:7      | Found a glowing golden altar of the Shining One.
  3520 | D:7      | Reached skill level 5 in Evocations
  3835 | D:6      | Reached *** piety under Wu Jian
  3861 | D:6      | Reached XP level 10. HP: 74/88 MP: 13/13
  3916 | D:6      | Reached skill level 8 in Fighting
  3985 | D:7      | Glimpsed the power of Zot.
  4225 | D:8      | Found a staircase to the Lair.
  4245 | D:8      | HP: 2/90 [troll (8)]
  4245 | D:8      | Mangled by a troll

Illustrated notes

Levels and vault maps discovered:
D:1:      psy_arrival_terrarium, layout_basic
D:2:      layout_loops_ring, dilly_ecumenical_altar_fadedgnrine, uniq_jessica
D:3:      layout_basic, nicolae_overflow_ecumenical_swirl, serial_rivers,
          chequers_serial_rivers_small_b, chequers_serial_rivers_marsh,
          chequers_serial_rivers_small_a, chequers_serial_rivers_small_a,
          chequers_serial_rivers_small_b, chequers_serial_rivers_small_a,
          dk_noncrumbling_4, grunt_ministairs_2, minmay_misc_feat_room
D:4:      layout_basic, temple_hall
D:5:      layout_rooms, nicolae_overflow_crystal_walls, uniq_duvessa,
          uniq_sigmund, uniq_prince_ribbit1, uniq_eustachio
D:6:      layout_basic, nicolae_qazlal_eye_of_the_storm
D:7:      layout_basic, mainiacjoe_overflow_catwalk, grunt_ministairs_4,
          chequers_guarded_unrand_ignorance
D:8:      minmay_opposing_rooms, layout_rooms, lair_entry_dummy

Skill      XL: |  1  2  3  4  5  6  7  8  9 10 |
---------------+-------------------------------+-----
Fighting       | 2 3 4 5 7 8 |  8.5
Maces & Flails | 2 3 5 7 |  7.0
Throwing       | 2 3 4 5 |  5.0
Dodging        | 3 4 5 |  5.0
Armour         | 5 6 |  6.0
Evocations     | 5 |  5.0
Spellcasting   | |  1.3
Conjurations   | |  3.6

Action                   |  1- 3 |  4- 6 |  7- 9 | 10-12 || total
-------------------------+-------+-------+-------+-------++-------
Melee: Dagger            |    40 |       |       |       ||    40
       Club              |     4 |       |       |       ||     4
       Flail             |    72 |   249 |   335 |    69 ||   725
       Punch             |     2 |     2 |     3 |       ||     7
Throw: Dart              |     2 |     6 |    20 |       ||    28
 Cast: Foxfire           |       |       |     4 |       ||     4
Invok: Lunge             |       |     7 |    10 |     4 ||    21
       Whirlwind         |       |       |    18 |     1 ||    19
 Abil: Wall Jump         |       |       |     3 |       ||     3
Evoke: Wand              |       |       |     6 |       ||     6
  Use: Potion            |     1 |     2 |     9 |     1 ||    13
       Scroll            |       |     5 |    13 |       ||    18
Armor: Scale mail        |    62 |   197 |   237 |    32 ||   528
       Skin              |     7 |       |       |       ||     7
Dodge: Dodged            |    67 |   113 |   215 |    36 ||   431
